[Event "45th FIDE Womens Olympiad 2024"]
[Site "Budapest"]
[Date "2024.09.12"]
[Round "2.113"]
[White "Linares Napoles, Oleiny"]
[Black "Tan, Li Ting"]
[Result "1/2-1/2"]
[ECO "A06"]
[WhiteElo "2201"]
[BlackElo "2037"]
[Annotator "ChessBase"]
[PlyCount "70"]
[EventDate "2024.09.05"]
[EventType "team-tourn"]
[EventCountry "HUN"]
[SourceTitle "playchess.com"]
[Source "ChessBase"]
[SourceQuality "1"]
[WhiteTeam "Cuba"]
[BlackTeam "Malaysia"]
[WhiteTeamCountry "CUB"]
[BlackTeamCountry "MAS"]
[TimeControl "40/5400+30:1800+30"]

1. Nf3 d5 2. b3 c5 3. e3 a6 4. c4 d4 5. exd4 cxd4 6. d3 Nc6 7. g3 e5 8. Bg2 Nf6 9. O-O Be7 10. Re1 Nd7 11. Ba3 O-O 12. Bxe7 Qxe7 13. a3 a5 14. Nbd2 Nc5 15. Ne4 Na6 16. Qe2 Bd7 17. Rac1 f5 18. Ned2 Rae8 19. h4 h6 20. Ra1 g6 21. Qd1 Qf6 22. Qb1 Kg7 23. Ra2 Qd6 24. Ra1 Re7 25. Nh2 Rfe8 26. h5 gxh5 27. Nhf3 Rf8 28. Nh4 Qf6 29. Ra2 Qg5 30. Ndf3 Qf6 31. Rae2 Rfe8 32. Nd2 Qg5 33. Ndf3 Qf6 34. Nd2 Qg5 35. Ndf3 Qf6 1/2-1/2

[Event "45th FIDE Womens Olympiad 2024"]
[Site "Budapest"]
[Date "2024.09.12"]
[Round "2.114"]
[White "Azhar, Puteri Munajjah Az-Z"]
[Black "Miranda Llanes, Yerisbel"]
[Result "0-1"]
[ECO "E48"]
[WhiteElo "2014"]
[BlackElo "2294"]
[Annotator "ChessBase"]
[PlyCount "106"]
[EventDate "2024.09.05"]
[EventType "team-tourn"]
[EventCountry "HUN"]
[SourceTitle "playchess.com"]
[Source "ChessBase"]
[SourceQuality "1"]
[WhiteTeam "Malaysia"]
[BlackTeam "Cuba"]
[WhiteTeamCountry "MAS"]
[BlackTeamCountry "CUB"]
[TimeControl "40/5400+30:1800+30"]

1. d4 Nf6 2. c4 e6 3. Nc3 Bb4 4. e3 O-O 5. Bd3 d5 6. Nge2 c5 7. O-O cxd4 8. exd4 b6 9. Bg5 Be7 10. Rc1 Bb7 11. Bxf6 Bxf6 12. cxd5 exd5 13. Qb3 Qd7 14. Rcd1 Na6 15. Ng3 Nc7 16. Nh5 Be7 17. Rfe1 g6 18. Nf4 Bd6 19. Nh3 Rfe8 20. Ng5 Qg4 21. Nf3 Ne6 22. h3 Qh5 23. Bb5 Red8 24. Ne2 Rac8 25. Ng3 Qh6 26. Ne5 Bxe5 27. Rxe5 Qf4 28. Qd3 Qf6 29. Ree1 Nf4 30. Qe3 a6 31. Ba4 b5 32. Bb3 a5 33. Qe7 Qxe7 34. Rxe7 Ba6 35. a4 b4 36. Re3 Kf8 37. f3 Re8 38. Re5 f6 39. Rxe8+ Kxe8 40. Nf1 Kd7 41. g3 Nd3 42. Rb1 Kd6 43. Ne3 Bc4 44. Bc2 Re8 45. Nf1 Re2 46. Bxd3 Bxd3 47. Rd1 Bc2 48. Rd2 Rxd2 49. Nxd2 Bxa4 50. b3 Bd7 51. g4 a4 52. bxa4 Bxa4 53. Kf2 Bc2 0-1

[Event "45th FIDE Womens Olympiad 2024"]
[Site "Budapest"]
[Date "2024.09.12"]
[Round "2.115"]
[White "Forgas Moreno, Yaniela"]
[Black "Azhar, Puteri Rifqah Fahada"]
[Result "1-0"]
[ECO "C10"]
[WhiteElo "2203"]
[BlackElo "1947"]
[Annotator "ChessBase"]
[PlyCount "59"]
[EventDate "2024.09.05"]
[EventType "team-tourn"]
[EventCountry "HUN"]
[SourceTitle "playchess.com"]
[Source "ChessBase"]
[SourceQuality "1"]
[WhiteTeam "Cuba"]
[BlackTeam "Malaysia"]
[WhiteTeamCountry "CUB"]
[BlackTeamCountry "MAS"]
[TimeControl "40/5400+30:1800+30"]

1. e4 e6 2. d4 d5 3. Nc3 dxe4 4. Nxe4 Be7 5. Nf3 Nf6 6. Bd3 Nbd7 7. O-O Nxe4 8. Bxe4 Nf6 9. Bd3 Bd7 10. Ne5 c6 11. Qf3 Qc7 12. Re1 h6 13. c4 g5 14. Bd2 Rg8 15. d5 c5 16. Nxd7 Qxd7 17. dxe6 fxe6 18. Rad1 O-O-O 19. Ba5 Rdf8 20. Bf5 g4 21. Qe2 Qc6 22. Qxe6+ Qxe6 23. Bxe6+ Kb8 24. Bxg8 Nxg8 25. Rd7 Bf6 26. Bc3 Bxc3 27. bxc3 Kc8 28. Rh7 a6 29. Re5 b6 30. Re6 1-0

[Event "45th FIDE Womens Olympiad 2024"]
[Site "Budapest"]
[Date "2024.09.12"]
[Round "2.116"]
[White "Nithyalakshmi, Sivanesan"]
[Black "Hernandez Gil, Ineymig"]
[Result "0-1"]
[ECO "B23"]
[WhiteElo "1912"]
[BlackElo "2160"]
[Annotator "ChessBase"]
[PlyCount "86"]
[EventDate "2024.09.05"]
[EventType "team-tourn"]
[EventCountry "HUN"]
[SourceTitle "playchess.com"]
[Source "ChessBase"]
[SourceQuality "1"]
[WhiteTeam "Malaysia"]
[BlackTeam "Cuba"]
[WhiteTeamCountry "MAS"]
[BlackTeamCountry "CUB"]
[TimeControl "40/5400+30:1800+30"]

1. e4 c5 2. Nc3 e6 3. f4 d5 4. exd5 exd5 5. Bb5+ Nc6 6. Nf3 Nf6 7. O-O Be7 8. Ne5 Qb6 9. Qf3 O-O 10. Bxc6 bxc6 11. Kh1 Bd6 12. d3 Qc7 13. Na4 Re8 14. Qf2 c4 15. dxc4 Ne4 16. Qd4 c5 17. Qxd5 Bb7 18. Qd1 Rad8 19. Nd3 Qc6 20. Qg4 Qxa4 21. b3 Qc6 22. Bb2 f6 23. Rf3 Bf8 24. h4 Qc8 25. f5 Bd6 26. Kg1 Kh8 27. Re1 Nd2 28. Rfe3 Rxe3 29. Rxe3 Re8 30. Kf2 Rxe3 31. Kxe3 Ne4 32. Nf4 Bxf4+ 33. Qxf4 h6 34. g4 Qe8 35. Kd3 Qd7+ 36. Ke2 Kh7 37. a4 Qe7 38. Kd3 Qd7+ 39. Ke2 Qe8 40. Kd3 Qd8+ 41. Ke2 h5 42. gxh5 Qe8 43. Kd3 Qxh5 0-1

[Event "45th FIDE Womens Olympiad 2024"]
[Site "Budapest"]
[Date "2024.09.12"]
[Round "2.117"]
[White "Nassr, Lina"]
[Black "Newrkla, Katharina"]
[Result "1/2-1/2"]
[ECO "B07"]
[WhiteElo "2010"]
[BlackElo "2208"]
[Annotator "ChessBase"]
[PlyCount "90"]
[EventDate "2024.09.05"]
[EventType "team-tourn"]
[EventCountry "HUN"]
[SourceTitle "playchess.com"]
[Source "ChessBase"]
[SourceQuality "1"]
[WhiteTeam "Algeria"]
[BlackTeam "Austria"]
[WhiteTeamCountry "ALG"]
[BlackTeamCountry "AUT"]
[TimeControl "40/5400+30:1800+30"]

1. d4 Nf6 2. Nf3 g6 3. Nbd2 Bg7 4. e4 d6 5. Bd3 O-O 6. O-O Nc6 7. c3 e5 8. dxe5 Nxe5 9. Nxe5 dxe5 10. Nc4 Nh5 11. Ne3 Nf4 12. Bc4 c6 13. a4 Qe7 14. Qc2 h5 15. b4 Rd8 16. Ba3 Qg5 17. Rad1 Bh3 18. f3 h4 19. Kh1 Be6 20. Bc1 Qe7 21. Rd5 Rd7 22. Rxd7 Rd8 23. Rfd1 Rxd7 24. Rd2 Rxd2 25. Bxd2 Bxc4 26. Nxc4 Qe6 27. Nb2 Qa2 28. Be3 a6 29. Qd2 Ne6 30. h3 Bf6 31. a5 Nf4 32. Kg1 Qb1+ 33. Nd1 Nd3 34. Kh2 Be7 35. Nf2 Nxf2 36. Bxf2 Qf1 37. Bb6 Kg7 38. Be3 Qc4 39. Kg1 Qe6 40. Bg5 Bxg5 41. Qxg5 Qf6 42. Qd2 Qe7 43. Qd3 Qg5 44. Kf2 Qg3+ 45. Kf1 Qg5 1/2-1/2

[Event "45th FIDE Womens Olympiad 2024"]
[Site "Budapest"]
[Date "2024.09.12"]
[Round "2.118"]
[White "Exler, Veronika"]
[Black "Latreche, Sabrina"]
[Result "1/2-1/2"]
[ECO "D36"]
[WhiteElo "2176"]
[BlackElo "2030"]
[Annotator "ChessBase"]
[PlyCount "78"]
[EventDate "2024.09.05"]
[EventType "team-tourn"]
[EventCountry "HUN"]
[SourceTitle "playchess.com"]
[Source "ChessBase"]
[SourceQuality "1"]
[WhiteTeam "Austria"]
[BlackTeam "Algeria"]
[WhiteTeamCountry "AUT"]
[BlackTeamCountry "ALG"]
[TimeControl "40/5400+30:1800+30"]

1. d4 Nf6 2. c4 e6 3. Nc3 d5 4. cxd5 exd5 5. Bg5 Be7 6. e3 c6 7. Qc2 h6 8. Bh4 O-O 9. Bd3 Re8 10. Nge2 Nbd7 11. O-O Nf8 12. f3 N6h7 13. Bxe7 Rxe7 14. e4 dxe4 15. fxe4 Bg4 16. h3 Bxe2 17. Nxe2 Qb6 18. Kh1 Rd8 19. Rad1 Nf6 20. Rxf6 gxf6 21. Qd2 Rxd4 22. Nxd4 Qxd4 23. Qxh6 Qxb2 24. Rf1 Re6 25. Rf5 Qxa2 26. e5 fxe5 27. Rg5+ Ng6 28. Bxg6 Rxg6 29. Rxg6+ fxg6 30. Qxg6+ Kf8 31. Qd6+ Kf7 32. Qxe5 Qe6 33. Qc7+ Qe7 34. Qf4+ Kg6 35. Qg4+ Qg5 36. Qe6+ Qf6 37. Qg4+ Qg5 38. Qe6+ Qf6 39. Qg4+ Qg5 1/2-1/2

[Event "45th FIDE Womens Olympiad 2024"]
[Site "Budapest"]
[Date "2024.09.12"]
[Round "2.119"]
[White "Nassr, Rania"]
[Black "Schloffer, Jasmin-Denise"]
[Result "1/2-1/2"]
[ECO "A30"]
[WhiteElo "1866"]
[BlackElo "2168"]
[Annotator "ChessBase"]
[PlyCount "92"]
[EventDate "2024.09.05"]
[EventType "team-tourn"]
[EventCountry "HUN"]
[SourceTitle "playchess.com"]
[Source "ChessBase"]
[SourceQuality "1"]
[WhiteTeam "Algeria"]
[BlackTeam "Austria"]
[WhiteTeamCountry "ALG"]
[BlackTeamCountry "AUT"]
[TimeControl "40/5400+30:1800+30"]

1. Nf3 Nf6 2. b3 e6 3. Bb2 b6 4. g3 Bb7 5. Bg2 Be7 6. O-O O-O 7. c4 c5 8. Nc3 d6 9. e3 Nbd7 10. d4 a6 11. Qe2 Qc7 12. e4 cxd4 13. Nxd4 Rfe8 14. Rac1 Rac8 15. Rfe1 Qb8 16. h3 h6 17. Rcd1 Nh7 18. Qc2 Nhf6 19. Qb1 Qa8 20. Re2 Nc5 21. Rde1 Bf8 22. Kh2 Red8 23. Rd1 d5 24. cxd5 exd5 25. exd5 Nxd5 26. Nxd5 Bxd5 27. Bxd5 Qxd5 28. Rde1 Rd7 29. Re8 Rxe8 30. Rxe8 Rd8 31. Rxd8 Qxd8 32. Qf5 Qe7 33. Qg4 Qe1 34. Qe2 Qxe2 35. Nxe2 Ne6 36. Kg2 Bc5 37. f4 Kf8 38. Kf3 g6 39. Ke4 Ke7 40. g4 Kd6 41. Be5+ Kd7 42. Nc3 Bg1 43. Ne2 Bc5 44. Nc3 Bg1 45. Ne2 Bc5 46. Nc3 Bg1 1/2-1/2

[Event "45th FIDE Womens Olympiad 2024"]
[Site "Budapest"]
[Date "2024.09.12"]
[Round "2.120"]
[White "Hapala, Elisabeth"]
[Black "Djerroud, Chahrazed"]
[Result "1-0"]
[ECO "C78"]
[WhiteElo "2113"]
[BlackElo "1910"]
[Annotator "NA"]
[PlyCount "87"]
[EventDate "2024.09.05"]
[EventType "team-tourn"]
[EventCountry "HUN"]
[SourceTitle "playchess.com"]
[Source "ChessBase"]
[SourceQuality "1"]
[WhiteTeam "Austria"]
[BlackTeam "Algeria"]
[WhiteTeamCountry "AUT"]
[BlackTeamCountry "ALG"]
[TimeControl "40/5400+30:1800+30"]

1. e4 e5 2. Nf3 Nc6 3. Bb5 a6 4. Ba4 Nf6 5. O-O b5 6. Bb3 Bc5 7. c3 d6 8. d4 Bb6 9. Be3 O-O 10. Nbd2 Bg4 11. h3 Bh5 12. dxe5 dxe5 13. Qe2 Bxe3 14. Qxe3 h6 15. Rfd1 Qe7 16. g4 Bg6 17. Bd5 Nxd5 18. exd5 Na5 19. Qxe5 Qxe5 20. Nxe5 Bc2 21. Rdc1 Bh7 22. b4 Nb7 23. Nb3 Rfd8 24. Nc6 Rd6 25. a4 Re8 26. axb5 axb5 27. Ra7 Nd8 28. Rxc7 Kf8 29. Nbd4 Rxd5 30. Nxd8 Rexd8 31. Ra1 h5 32. Raa7 Bg8 33. Rab7 hxg4 34. hxg4 Rg5 35. f3 g6 36. Rxb5 Rxb5 37. Nxb5 Rd2 38. Nd4 f6 39. b5 Bd5 40. Rd7 Rd1+ 41. Kf2 Bb3 42. Ne6+ Ke8 43. Rxd1 Bxd1 44. b6 1-0

[Event "45th FIDE Womens Olympiad 2024"]
[Site "Budapest"]
[Date "2024.09.12"]
[Round "2.121"]
[White "Mihok-Juhasz, Barbara"]
[Black "Ptacnikova, Lenka"]
[Result "1-0"]
[ECO "B48"]
[WhiteElo "2193"]
[BlackElo "2065"]
[Annotator "ChessBase"]
[PlyCount "109"]
[EventDate "2024.09.05"]
[EventType "team-tourn"]
[EventCountry "HUN"]
[SourceTitle "playchess.com"]
[Source "ChessBase"]
[SourceQuality "1"]
[WhiteTeam "Hungary B"]
[BlackTeam "Iceland"]
[WhiteTeamCountry "HUN"]
[BlackTeamCountry "ISL"]
[TimeControl "40/5400+30:1800+30"]

1. e4 c5 2. Nf3 e6 3. d4 cxd4 4. Nxd4 Nc6 5. Nc3 Qc7 6. Be3 a6 7. g4 Nxd4 8. Qxd4 b5 9. O-O-O Bb7 10. Kb1 Rc8 11. Bf4 d6 12. Bxd6 Qxd6 13. Qxd6 Bxd6 14. Rxd6 Nf6 15. f3 Ke7 16. Rd1 Nd7 17. a3 Ne5 18. Be2 Nc4 19. Bxc4 Rxc4 20. Rd2 Rd8 21. Rxd8 Kxd8 22. Rd1+ Ke7 23. Rd3 f5 24. gxf5 exf5 25. exf5 Rf4 26. Re3+ Kd7 27. Ne4 Rxf5 28. Rd3+ Kc7 29. Rc3+ Bc6 30. b4 Kb6 31. Kb2 Rh5 32. Nd6 Rxh2 33. Nc8+ Kc7 34. Ne7 Rh6 35. Nf5 Rf6 36. Nxg7 Kd7 37. f4 Rxf4 38. Ne6 Rf6 39. Nc5+ Kd6 40. Rh3 h6 41. Nxa6 Ke5 42. Nb8 Kf4 43. Nxc6 Rxc6 44. Rh5 Rb6 45. Kb3 Kg4 46. Rh1 h5 47. c4 h4 48. cxb5 Rxb5 49. a4 Rb8 50. b5 h3 51. Kb4 Kg3 52. a5 Kg2 53. Ra1 h2 54. a6 Ra8 55. Ka5 1-0

[Event "45th FIDE Womens Olympiad 2024"]
[Site "Budapest"]
[Date "2024.09.12"]
[Round "2.122"]
[White "Johannsdottir, Johanna Bjorg"]
[Black "Lakos, Nikoletta"]
[Result "0-1"]
[ECO "B33"]
[WhiteElo "2013"]
[BlackElo "2192"]
[Annotator "ChessBase"]
[PlyCount "88"]
[EventDate "2024.09.05"]
[EventType "team-tourn"]
[EventCountry "HUN"]
[SourceTitle "playchess.com"]
[Source "ChessBase"]
[SourceQuality "1"]
[WhiteTeam "Iceland"]
[BlackTeam "Hungary B"]
[WhiteTeamCountry "ISL"]
[TimeControl "40/5400+30:1800+30"]

1. e4 c5 2. Nf3 Nc6 3. d4 cxd4 4. Nxd4 Qb6 5. Nb3 Nf6 6. Nc3 e6 7. Be3 Qc7 8. Bc5 Bxc5 9. Nxc5 O-O 10. Be2 a6 11. O-O b5 12. a3 Ne5 13. Nd3 Nc4 14. Re1 Nxb2 15. Nxb5 axb5 16. Nxb2 Nxe4 17. Bd3 Nc3 18. Bxh7+ Kxh7 19. Qh5+ Kg8 20. Re3 Nd5 21. Rh3 f5 22. Qh7+ Kf7 23. Qh5+ Ke7 24. Qg5+ Kf7 25. Qh5+ Ke7 26. Qg5+ Nf6 27. Nd3 Bb7 28. Rh7 Rf7 29. Rxg7 Qc3 30. Rd1 Raf8 31. Nf4 Qxc2 32. Rf1 Ke8 33. Rxf7 Rxf7 34. Ng6 Qe4 35. Qg3 Qxg2+ 36. Qxg2 Bxg2 37. Kxg2 Rg7 38. Rb1 Rxg6+ 39. Kf3 Rh6 40. Kg2 Rg6+ 41. Kf3 Rg4 42. Rxb5 Ra4 43. Rb3 Ke7 44. Re3 Ng4 0-1

[Event "45th FIDE Womens Olympiad 2024"]
[Site "Budapest"]
[Date "2024.09.12"]
[Round "2.123"]
[White "Karacsonyi, Kata"]
[Black "Thorsteinsdottir, Hallgerdur"]
[Result "1/2-1/2"]
[ECO "B11"]
[WhiteElo "2233"]
[BlackElo "1938"]
[Annotator "ChessBase"]
[PlyCount "61"]
[EventDate "2024.09.05"]
[EventType "team-tourn"]
[EventCountry "HUN"]
[SourceTitle "playchess.com"]
[Source "ChessBase"]
[SourceQuality "1"]
[WhiteTeam "Hungary B"]
[BlackTeam "Iceland"]
[WhiteTeamCountry "HUN"]
[BlackTeamCountry "ISL"]
[TimeControl "40/5400+30:1800+30"]

1. e4 c6 2. Nf3 d5 3. Nc3 Bg4 4. h3 Bxf3 5. Qxf3 e6 6. Be2 Nf6 7. O-O Be7 8. e5 Nfd7 9. Qg3 O-O 10. d4 Kh8 11. Bg4 c5 12. Ne2 cxd4 13. Nxd4 Nc6 14. Nxc6 bxc6 15. f4 Qb6+ 16. Kh1 Nc5 17. Bf3 f6 18. b3 f5 19. Be3 Qb4 20. Bxc5 Bxc5 21. c4 Rac8 22. Be2 Qd2 23. Qd3 Qxd3 24. Bxd3 a5 25. cxd5 cxd5 26. Bb5 Rf7 27. Rac1 Rfc7 28. Ba6 Ra8 29. Bb5 Rac8 30. Ba6 Ra8 31. Bb5 1/2-1/2

[Event "45th FIDE Womens Olympiad 2024"]
[Site "Budapest"]
[Date "2024.09.12"]
[Round "2.124"]
[White "Helgadottir, Idunn"]
[Black "Terbe, Zsuzsanna"]
[Result "0-1"]
[ECO "D35"]
[WhiteElo "1837"]
[BlackElo "2168"]
[Annotator "ChessBase"]
[PlyCount "120"]
[EventDate "2024.09.05"]
[EventType "team-tourn"]
[EventCountry "HUN"]
[SourceTitle "playchess.com"]
[Source "ChessBase"]
[SourceQuality "1"]
[WhiteTeam "Iceland"]
[BlackTeam "Hungary B"]
[WhiteTeamCountry "ISL"]
[BlackTeamCountry "HUN"]
[TimeControl "40/5400+30:1800+30"]

1. d4 d5 2. c4 e6 3. Nc3 c6 4. Nf3 Nf6 5. cxd5 exd5 6. Bg5 Be7 7. e3 Bf5 8. Bd3 Bxd3 9. Qxd3 Nbd7 10. O-O O-O 11. a3 a5 12. Rab1 Ne4 13. Bxe7 Qxe7 14. Qc2 Nd6 15. Nd2 Rfe8 16. b4 axb4 17. axb4 b5 18. Ra1 Nb6 19. Nb3 Nbc4 20. Qe2 Nf5 21. Nc5 g6 22. Qd3 Nh4 23. Ne2 Nf5 24. Nf4 Nfd6 25. Rfe1 Ne4 26. Nxe4 dxe4 27. Qc3 Qd6 28. Red1 Red8 29. h4 h5 30. Qc2 Qe7 31. Rxa8 Rxa8 32. g3 Kh7 33. d5 cxd5 34. Nxd5 Qe5 35. Qxe4 Qxe4 36. Nf6+ Kg7 37. Nxe4 Ra4 38. Rb1 Na3 39. Rb2 Nc4 40. Rb3 Ra1+ 41. Kg2 Rc1 42. Nc5 Rc2 43. e4 Ne5 44. Kf1 Rc1+ 45. Ke2 Rc4 46. Ke3 Ng4+ 47. Kf3 Ne5+ 48. Kf4 f6 49. Nb7 Rd4 50. Nc5 Rc4 51. f3 Nc6 52. Na6 Nd4 53. Rd3 Kf7 54. g4 hxg4 55. fxg4 Nc6 56. Rb3 Nd4 57. Rd3 Nc6 58. Rb3 Nd4 59. Rb2 Rc3 60. Nc5 Rf3# 0-1

[Event "45th FIDE Womens Olympiad 2024"]
[Site "Budapest"]
[Date "2024.09.12"]
[Round "2.125"]
[White "Shohradova, Lala"]
[Black "Borosova, Zuzana"]
[Result "0-1"]
[ECO "D35"]
[WhiteElo "2030"]
[BlackElo "2205"]
[Annotator "ChessBase"]
[PlyCount "90"]
[EventDate "2024.09.05"]
[EventType "team-tourn"]
[EventCountry "HUN"]
[SourceTitle "playchess.com"]
[Source "ChessBase"]
[SourceQuality "1"]
[WhiteTeam "Turkmenistan"]
[BlackTeam "Slovakia"]
[WhiteTeamCountry "TKM"]
[BlackTeamCountry "SVK"]
[TimeControl "40/5400+30:1800+30"]

1. d4 d5 2. c4 c6 3. Nc3 Nf6 4. Nf3 e6 5. Bg5 h6 6. Bh4 Be7 7. e3 Nbd7 8. cxd5 exd5 9. Bd3 Ne4 10. Bxe7 Qxe7 11. Qc2 f5 12. Rb1 a5 13. a3 O-O 14. O-O Qf6 15. b4 axb4 16. axb4 b5 17. Ne2 Bb7 18. Qb2 Rfe8 19. Ra1 Qe7 20. Rxa8 Rxa8 21. Ne5 Nb6 22. Ng3 Qf8 23. Ng6 Qf6 24. Nxf5 Re8 25. Nfh4 Bc8 26. Qe2 Be6 27. g3 Nc4 28. Ra1 Bf7 29. Bxc4 dxc4 30. Ne5 Rxe5 31. dxe5 Qxe5 32. Ra8+ Kh7 33. Nf3 Qc3 34. Qe1 Qb2 35. Nd4 c3 36. Ra1 Nxf2 37. Qxf2 Qxa1+ 38. Kg2 Bg6 39. Ne6 Be4+ 40. Kh3 Qb1 41. Qf7 Bf5+ 42. Kh4 Qe4+ 43. Nf4 c2 44. g4 c1=Q 45. gxf5 Qe1+ 0-1

[Event "45th FIDE Womens Olympiad 2024"]
[Site "Budapest"]
[Date "2024.09.12"]
[Round "2.126"]
[White "Mrvova, Alena"]
[Black "Agajanova, Meryem"]
[Result "0-1"]
[ECO "A08"]
[WhiteElo "2121"]
[BlackElo "2007"]
[Annotator "NA"]
[PlyCount "114"]
[EventDate "2024.09.05"]
[EventType "team-tourn"]
[EventCountry "HUN"]
[SourceTitle "playchess.com"]
[Source "ChessBase"]
[SourceQuality "1"]
[WhiteTeam "Slovakia"]
[BlackTeam "Turkmenistan"]
[WhiteTeamCountry "SVK"]
[BlackTeamCountry "TKM"]
[TimeControl "40/5400+30:1800+30"]

1. e4 e6 2. d3 d5 3. Nd2 Nf6 4. Ngf3 c5 5. g3 g6 6. Bg2 Bg7 7. O-O O-O 8. Re1 Nc6 9. Qe2 a5 10. Nf1 a4 11. a3 b5 12. e5 Nd7 13. Bf4 Ba6 14. h4 b4 15. c4 Nb6 16. Ne3 Ra7 17. cxd5 Nxd5 18. Bg5 f6 19. exf6 Nxf6 20. Ng4 Qd6 21. Nh6+ Kh8 22. Qxe6 Qxe6 23. Rxe6 Nd8 24. Rd6 Nb7 25. Rc6 Nd5 26. axb4 Bb5 27. Re6 Bxb2 28. Rae1 a3 29. Nd2 Nd8 30. Rd6 Nxb4 31. Bxd8 Nxd3 32. Re7 Rxe7 33. Bxe7 a2 34. Nb3 Re8 35. Bg5 c4 36. Bd5 Rf8 37. Be7 cxb3 38. Bxf8 a1=Q+ 39. Kh2 Be8 40. Rd8 Qe1 41. Nf7+ Bxf7 42. Bh6+ Qe8 43. Rxe8+ Bxe8 44. Bxb3 Nxf2 45. Bf4 Ng4+ 46. Kg2 Bc6+ 47. Kf1 Be5 48. Bxe5+ Nxe5 49. Be6 Kg7 50. Kf2 Kf6 51. Bc8 Bd7 52. Bb7 Kf5 53. Ba6 Kg4 54. Be2+ Kh3 55. Bf1+ Kh2 56. Ba6 Bc6 57. h5 gxh5 0-1

[Event "45th FIDE Womens Olympiad 2024"]
[Site "Budapest"]
[Date "2024.09.12"]
[Round "2.127"]
[White "Shohradova, Leyla"]
[Black "Bochnickova, Simona"]
[Result "0-1"]
[ECO "E01"]
[WhiteElo "1873"]
[BlackElo "2138"]
[Annotator "NA"]
[PlyCount "86"]
[EventDate "2024.09.05"]
[EventType "team-tourn"]
[EventCountry "HUN"]
[SourceTitle "playchess.com"]
[Source "ChessBase"]
[SourceQuality "1"]
[WhiteTeam "Turkmenistan"]
[BlackTeam "Slovakia"]
[WhiteTeamCountry "TKM"]
[BlackTeamCountry "SVK"]
[TimeControl "40/5400+30:1800+30"]

1. d4 Nf6 2. c4 e6 3. g3 d5 4. Bg2 Bb4+ 5. Bd2 Bd6 6. Nf3 O-O 7. Qc2 c6 8. O-O Nbd7 9. Nc3 dxc4 10. Bg5 Re8 11. Nd2 h6 12. Nxc4 Bc7 13. Bxf6 Nxf6 14. Rad1 Qe7 15. e4 b5 16. Ne3 Ba6 17. Rfe1 Rad8 18. Ne2 Ba5 19. Rf1 Bb6 20. e5 Nd5 21. Qxc6 b4 22. Qc2 Nxe3 23. fxe3 Rc8 24. Qd2 b3 25. axb3 Ba5 26. Nc3 Bxf1 27. Rxf1 Red8 28. Qd3 Qg5 29. Nb5 Qxe5 30. Nxa7 Rc5 31. Nc6 Rxc6 32. Bxc6 Qg5 33. Qe2 e5 34. Qf2 f6 35. d5 Bb6 36. Re1 f5 37. Kf1 f4 38. gxf4 exf4 39. Qg2 Qf6 40. exf4 Qxf4+ 41. Ke2 Qd4 42. d6 Rxd6 43. Be4 Qe3+ 0-1

[Event "45th FIDE Womens Olympiad 2024"]
[Site "Budapest"]
[Date "2024.09.12"]
[Round "2.128"]
[White "Walter, Ema"]
[Black "Rejepova, Jahan"]
[Result "1/2-1/2"]
[ECO "C01"]
[WhiteElo "2055"]
[BlackElo "1915"]
[Annotator "NA"]
[PlyCount "67"]
[EventDate "2024.09.05"]
[EventType "team-tourn"]
[EventCountry "HUN"]
[SourceTitle "playchess.com"]
[Source "ChessBase"]
[SourceQuality "1"]
[WhiteTeam "Slovakia"]
[BlackTeam "Turkmenistan"]
[WhiteTeamCountry "SVK"]
[BlackTeamCountry "TKM"]
[TimeControl "40/5400+30:1800+30"]

1. e4 e6 2. d4 d5 3. exd5 exd5 4. Nf3 Nf6 5. Bd3 Bd6 6. Qe2+ Be7 7. O-O O-O 8. Re1 Bd6 9. Bg5 Bg4 10. Nbd2 Nbd7 11. Qf1 c6 12. Ne5 Qc7 13. Nxg4 Nxg4 14. g3 h6 15. Qh3 Ndf6 16. Bxf6 Nxf6 17. Re3 Qb6 18. Nb3 a5 19. a4 Rae8 20. Rae1 Rxe3 21. Rxe3 Qb4 22. Rf3 Re8 23. Rxf6 gxf6 24. Qxh6 Re4 25. Bxe4 Qe1+ 26. Kg2 Qxe4+ 27. Kf1 Qxc2 28. Qxf6 Qxb3 29. Qg5+ Kh7 30. Qh5+ Kg7 31. Qg5+ Kh7 32. Qh5+ Kg7 33. Qg5+ Kh7 34. Qh5+ 1/2-1/2

[Event "45th FIDE Womens Olympiad 2024"]
[Site "Budapest"]
[Date "2024.09.12"]
[Round "2.129"]
[White "Cramling, Pia"]
[Black "Timergazi, Layla"]
[Result "1-0"]
[ECO "A30"]
[WhiteElo "2425"]
[BlackElo "1979"]
[Annotator "TA"]
[PlyCount "67"]
[EventDate "2024.09.05"]
[EventType "team-tourn"]
[EventCountry "HUN"]
[SourceTitle "playchess.com"]
[Source "ChessBase"]
[SourceQuality "1"]
[WhiteTeam "Sweden"]
[BlackTeam "New Zealand"]
[WhiteTeamCountry "SWE"]
[BlackTeamCountry "NZL"]
[TimeControl "40/5400+30:1800+30"]

1. c4 Nf6 2. Nf3 c5 3. g3 b6 4. Bg2 Bb7 5. O-O g6 6. d3 Bg7 7. e4 d6 8. Nc3 O-O 9. h3 Nc6 10. Be3 Nd7 11. d4 cxd4 12. Nxd4 Rc8 {White has an edge.} 13. b3 Nc5 14. Rc1 Nxd4 15. Bxd4 f5 (15... Bh6 $11 {remains equal.}) 16. Bxg7 $16 Kxg7 17. exf5 {[#] Threatens to win with Bxb7.} Bxg2 18. Kxg2 Rxf5 19. Qd2 Qd7 20. Rce1 Rcf8 21. b4 Na6 22. Nd5 e6 {[#]} (22... e5 $14) 23. Ne3 $1 Rf3 24. Rd1 Qf7 25. Kg1 ({But not} 25. Qxd6 Rxf2+ 26. Kg1 h5 $14) 25... h5 26. Ng2 e5 27. Qxd6 Rxf2 (27... Qf6 $16) 28. Qxe5+ $18 Kh7 29. Rxf2 Qxf2+ 30. Kh2 Rf7 (30... Qf5 {was called for.} 31. Qxf5 Rxf5) 31. Rd8 Qf6 {Inhibits Rh8+.} 32. Qxf6 Rxf6 33. Rd7+ ({Better is} 33. a3 $18 {Rd7+ would now be deadly.} Kh6 34. Nf4) 33... Kh6 $16 34. a3 {Weighted Error Value: White=0.11 (very precise) /Black=0.23 (precise) .  Mistake:       	White=1     	Black=4      Inaccurate:     	White=1     	Black=1      OK:         	White=9     	Black=9      Best:        	White=4     	---        Strong:       	White=1     	---} ({Resist} 34. Rxa7 $6 Nxb4 35. Nf4 h4 $11) 1-0

[Event "45th FIDE Womens Olympiad 2024"]
[Site "Budapest"]
[Date "2024.09.12"]
[Round "2.130"]
[White "Zhang, Jasmine Haomo"]
[Black "Agrest, Inna"]
[Result "1/2-1/2"]
[ECO "E71"]
[WhiteElo "1956"]
[BlackElo "2197"]
[Annotator "ChessBase"]
[PlyCount "56"]
[EventDate "2024.09.05"]
[EventType "team-tourn"]
[EventCountry "HUN"]
[SourceTitle "playchess.com"]
[Source "ChessBase"]
[SourceQuality "1"]
[WhiteTeam "New Zealand"]
[BlackTeam "Sweden"]
[WhiteTeamCountry "NZL"]
[BlackTeamCountry "SWE"]
[TimeControl "40/5400+30:1800+30"]

1. d4 Nf6 2. c4 g6 3. Nc3 Bg7 4. e4 d6 5. h3 O-O 6. Be3 Nc6 7. Nge2 e5 8. d5 Nd4 9. Nxd4 exd4 10. Bxd4 Nxe4 11. Nxe4 Re8 12. f3 f5 13. Bxg7 Kxg7 14. Qd4+ Kg8 15. Bd3 fxe4 16. Bxe4 Qh4+ 17. Qf2 Rxe4+ 18. fxe4 Qxe4+ 19. Qe2 Qh4+ 20. Kd2 Qd4+ 21. Kc1 Bd7 22. Rd1 Qf4+ 23. Qd2 Qxc4+ 24. Qc2 Qf4+ 25. Qd2 Qc4+ 26. Qc2 Qf4+ 27. Qd2 Qc4+ 28. Qc2 Qf4+ 1/2-1/2